 Dungeon Crawl Stone Soup version 0.31-a0-1589-g8f5e8aebd6 (webtiles) character file.

Game seed: 5200047393717435483

120 Laraso the Sneak (level 4, -9/37 HPs)
             Began as an Armataur Delver on Jan 6, 2024.
             Was an Initiate of Zin.
             Mangled by an iguana (12 damage)
             ... on level 5 of the Dungeon.
             The game lasted 00:02:01 (555 turns).

Laraso the Sneak (Armataur Delver)                   Turns: 555, Time: 00:02:02

Health: -9/37      AC:  4    Str: 17    XL:     4   Next: 75%
Magic:  4/4        EV:  9    Int: 13    God:    Zin [......]
Gold:   19         SH:  0    Dex: 11    Spells: 3/3 levels left

rFire   . . .        a - +0 morningstar
rCold   . . .        (no shield)
rNeg    . . .        b - +0 leather armour
rPois   .            (no helmet)
rElec   .            (no cloak)
rCorr   .            (no gloves)
SInv    .            (no barding)
Will    .....        (no amulet)
Stlth   +++          (no ring)
HPRegen 0.26/turn    (no ring)
MPRegen 0.09/turn

%: roll
@: no status effects
A: large, deformed body, tough skin 3, armoured tail, roll 1
a: Renounce Religion, Donate Gold


You were on level 5 of the Dungeon.
You worshipped Zin.
Zin was noncommittal.
You visited 1 branch of the dungeon, and saw 2 of its levels.

You collected 21 gold pieces.
You donated 2 gold pieces to Zin.

Inventory:

Hand Weapons
 a - a +0 morningstar (weapon)
Armour
 b - a +0 leather armour (worn)
Wands
 g - a wand of digging (3)
Scrolls
 c - a scroll of fog
 d - a scroll of revelation


   Skills:
 - Level 2.6 Fighting
 * Level 4.6 Maces & Flails
 - Level 1.3 Dodging
 - Level 5.4 Stealth


You had 3 spell levels left.
You didn't know any spells.
Your spell library was empty.

Dungeon Overview and Level Annotations

Branches:
Dungeon (5/15)
 Temple: D:4-7

Altars:
Fedhas
Zin


Innate Abilities, Weirdness & Mutations

Armour fits poorly on your strangely shaped body.
You have extremely tough skin. (AC +3)
You have a long armoured tail.
You regenerate magic when rolling toward enemies. (Rampage MPRegen)


Message History

The adder barely misses you.
You closely miss the adder.
The adder is severely wounded.
The adder bites you. The adder completely misses you.
You miss the adder.
The adder is severely wounded.
The adder bites you. The adder closely misses you.
The iguana hisses angrily.
You thump the adder!
You kill the adder!
You barely miss the iguana.
The iguana bites you but does no damage.
You hit the iguana but do no damage. The iguana bites you.
The iguana bites you but does no damage.
You closely miss the iguana. The iguana bites you.
You barely miss the iguana.
Your tail-slap misses the iguana.
The iguana bites you.
You barely miss the iguana. You tail-slap the iguana.
The iguana is moderately wounded.
The iguana barely misses you.
You closely miss the iguana.
The iguana is moderately wounded.
The iguana bites you!
* * * LOW HITPOINT WARNING * * *
The iguana barely misses you.
You barely miss the iguana.
The iguana is moderately wounded.
The iguana barely misses you.
You aren't carrying any potions.
Okay, then.
You hit the iguana but do no damage.
The iguana is moderately wounded.
The iguana bites you.
* * * LOW HITPOINT WARNING * * *
You hit the iguana but do no damage. You tail-slap the iguana.
The iguana is heavily wounded.
The iguana bites you.
* * * LOW HITPOINT WARNING * * *
The iguana bites you!
You die...

......# ......# ......#
##+##..Y...# #..........#
......# +..........#
......# #....#######
.....># ###+##....#.....#
.l....# #.........+...@.#
......#
#.........##.l######......#
+.....######..#......$....#
#.....#...#...'.S.l.#####
....##'##...#...#)....# ...
#.......#...#.....# ..
+.......#...#.....# .
#..##...###.#.....#
######'############


You could see an iguana.

Vanquished Creatures
  An ogre (D:5)
  An iguana (D:5)
  An adder (D:5)
  A ribbon worm (D:5)
4 creatures vanquished.

Notes
Turn   | Place    | Note
-------+----------+-------------------------------------------
     0 | D:5      | Laraso the Armataur Delver began the quest for the Orb.
     0 | D:5      | Reached XP level 1. HP: 18/18 MP: 1/1
    59 | D:5      | Found a glowing silver altar of Zin.
    68 | D:5      | Became a worshipper of Zin the Law-Giver
   137 | D:5      | Noticed an iguana
   263 | D:4      | Noticed an orc priest
   263 | D:4      | Noticed an orc priest
   263 | D:4      | Noticed an orc priest
   263 | D:4      | Found a blossoming altar of Fedhas.
   276 | D:4      | Noticed an orc priest
   293 | D:5      | Noticed an ice beast
   303 | D:5      | Noticed an iguana
   304 | D:5      | Noticed an ogre
   314 | D:5      | Killed an iguana
   315 | D:5      | Reached XP level 2. HP: 14/25 MP: 2/2
   315 | D:5      | Reached XP level 3. HP: 17/30 MP: 3/3
   387 | D:5      | Zin protects you from harm!
   392 | D:5      | Killed an ogre
   393 | D:5      | Reached XP level 4. HP: 4/37 MP: 4/4
   555 | D:5      | Mangled by an iguana

Illustrated notes

Levels and vault maps discovered:
D:4:      layout_cave_pools, fedhas_altar_1, nicolae_wu_jian_wuxing_cycle,
          uniq_grinder
D:5:      layout_gridville, mainiacjoe_overflow_alcove_2,
          mainiacjoe_overflow_paths

Skill      XL: |  1  2  3 |
---------------+----------+-----
Maces & Flails | 3 4 |  4.6
Fighting       | |  2.6
Dodging        | |  1.3
Stealth        | |  5.4

Action                     |  1- 3 |  4- 6 || total
---------------------------+-------+-------++-------
  Melee: Morningstar       |    16 |    13 ||    29
         Tailslap          |     2 |     2 ||     4
    Use: Potion            |     1 |       ||     1
         Scroll            |     1 |       ||     1
   Stab: Sleeping          |     1 |       ||     1
 Armour: Leather armour    |     9 |    11 ||    20
  Dodge: Dodged            |     7 |     6 ||    13

Table legend: (Time is in decaauts)
 A = Elapsed time spent in this place.
 B = Non-inter-level travel time spent in this place.
 C = Inter-level travel time spent in this place.
 D = Time resting spent in this place.
 E = Time spent auto-exploring this place.
 F = Levels seen in this place.
 G = Mean time per level.
                   A        B        C        D        E       F      G
               +--------+--------+--------+--------+--------+-----+--------+
         Total |    545 |    545 |      0 |    195 |     27 |   2 |  272.5 |
       Dungeon |    545 |    545 |      0 |    195 |     27 |   2 |  272.5 |
               +--------+--------+--------+--------+--------+-----+--------+

Top non-repeatable levels by time:
     D:5: 541 daAuts
     D:4: 3 daAuts
